 Dungeon Crawl Stone Soup version 0.30-a0-364-gf6b3ef1049 (webtiles) character file.

Game seed: 8335274022841117493

9587 ytrimaz the Severer (level 11, -1/67 HPs)
             Began as a Formicid Fighter on Nov 14, 2022.
             Was a Priest of Hepliaklqana.
             Slain by a wolf spider (11 damage)
             ... on level 2 of the Abyss on Nov 15, 2022.
             The game lasted 00:12:04 (7189 turns).

ytrimaz the Severer (Formicid Fighter)              Turns: 7189, Time: 00:12:05

Health: -1/67      AC: 15    Str: 25    XL:     11   Next: 77%
Magic:  20/20      EV:  7    Int:  8    God:    Hepliaklqana [***...]
Gold:   466        SH:  6    Dex: 13    Spells: 10/10 levels left

rFire   . . .      SeeInvis +    g - +5 battleaxe
rCold   . . .      Faith    .    c - +0 buckler
rNeg    . . .      Spirit   .    y - +0 plate armour
rPois   .          Reflect  .    (helmet unavailable)
rElec   .          Harm     .    (no cloak)
rCorr   .          Rampage  .    x - +0 pair of gloves
Will    +....                    e - +0 pair of boots
Stlth   ..........               k - amulet of regeneration
HPRegen 1.11/turn                q - ring of magical power
MPRegen 0.17/turn                (no ring)

@: lethally poisoned (-1 -> -17), invisible
A: reduced essence, permanent stasis, dig shafts and tunnels, antennae 3, four
strong arms
a: Dig, Shaft Self, Renounce Religion, Recall Ancestor, Ancestor Identity,
Transference


You were on level 2 of the Abyss.
You worshipped Hepliaklqana.
Hepliaklqana was most pleased with you.
You visited 1 branch of the dungeon, and saw 9 of its levels.
You visited the Abyss 1 time.

You collected 466 gold pieces.


Innate Abilities, Weirdness & Mutations

Your life essence is reduced to manifest your ancestor. (-10% HP)
You cannot be hasted, slowed, berserked, paralysed or teleported.
You can dig through walls and to a lower floor.
You have a pair of large antennae on your head. (SInv)
Your four strong arms can wield two-handed weapons with a shield.


   Skills:
 - Level 3.2 Fighting
 - Level 16.0 Axes
 + Level 6.5 Armour
 + Level 7.8 Shields


You had 10 spell levels left.
You didn't know any spells.
Your spell library contained the following spells:

 Spells                   Type           Power      Damage    Failure   Level
 Ignite Poison            Fire/Tmut/Pois 0%         N/A       100%        3
 Animate Dead             Necr           0%         N/A       100%        4
 Sticky Flame             Conj/Fire      0%         2d3       100%        4
 Haunt                    Necr/Summ      0%         N/A       100%        7
 Ignition                 Fire           0%         3d3       100%        8
 Infestation              Necr           0%         N/A       100%        8

Inventory:

Hand Weapons
 a - a +0 war axe
 d - a +5 spectral war axe
   (You found it on level 2 of the Dungeon)
 g - a +5 battleaxe (weapon)
   (You took it off a wight on level 8 of the Dungeon)
 p - a +2 war axe of freezing
   (You took it off an orc on level 6 of the Dungeon)
Missiles
 o - 9 boomerangs
 r - a throwing net
 E - 18 boomerangs of dispersal
Armour
 c - a +0 buckler (worn)
 e - a +0 pair of boots (worn)
   (You found it on level 2 of the Dungeon)
 v - a +0 kite shield
   (You took it off a gnoll sergeant on level 8 of the Dungeon)
 x - a +0 pair of gloves (worn)
   (You found it on level 7 of the Dungeon)
 y - a +0 plate armour (worn)
   (You took it off an orc warrior on level 8 of the Dungeon)
 B - a +0 tower shield
   (You found it on level 9 of the Dungeon)
Jewellery
 b - an amulet of reflection
   (You found it on level 9 of the Dungeon)
 k - an amulet of regeneration (around neck)
   (You found it on level 4 of the Dungeon)
 q - a ring of magical power (left hand)
   (You found it on level 8 of the Dungeon)
Wands
 h - a wand of paralysis (1) (quivered)
   (You took it off Ijyb on level 3 of the Dungeon)
 t - a wand of flame (17)
   (You found it on level 8 of the Dungeon)
Scrolls
 j - a scroll of amnesia
 m - a scroll of enchant armour
 w - 2 scrolls of magic mapping
Potions
 f - 2 potions of might
 n - 2 potions of cancellation
 s - a potion of lignification {unknown}
 u - 2 potions of magic {unknown}
 z - a potion of curing {unknown}
 A - a potion of attraction {unknown}
 C - a potion of mutation {unknown}
 D - a potion of flight {unknown}

Dungeon Overview and Level Annotations

Branches:
Dungeon (9/15) Zot: 26278  Temple (0/1) D:7             Orc (0/2) D:9
   Lair: D:8-11

Altars:
Ashenzari
Gozag
Hepliaklqana
Nemelex Xobeh
Sif Muna

{ . .#
{ ##s #
# . .
##..#.
#. .
##..#s#
..
#.#...#
.
#.{{#s#
.. .#
##s##
#. # .
#@#..#
. .
##.#
##. # .
#.#.#.
# . #
#.#.#.
{ .
.#.#.#
#. . #
. . #.
.##.
### #.#
. #
###.. .
. #
#.#.# .
#


You could see a wolf spider (unable to see you) and a redback (unable to see
you).


Message History

You take 10 damage, and now have 49/67 hp.
You slash the small abomination!
You destroy the small abomination! 😮 HP[+1] 😕 HP[+1] 😕 HP[+1] 😕 HP[+2]
You regained 2 hp, and now have 54/67 hp. 😕 HP[+1]
You start resting.
You sense a monster nearby. 😕 HP[+2]
You regained 2 hp, and now have 57/67 hp. 😕 HP[+1]
g - a +5 battleaxe (weapon)
😕 HP[+1] Unknown command.
A neqoxec comes into view.
The neqoxec shouts!
You hear a skittering sound. 😕 HP[+1] 😕 HP[+1] Unknown command.
A redback and a wolf spider come into view.
The wolf spider's many legs skitter.
A redback comes into view.
The redback moves out of view.
You slash the neqoxec! The neqoxec hits you! 😕 HP[-6]
You take 6 damage, and now have 55/67 hp.
Unknown command.
You barely miss the neqoxec. You slice the wolf spider!! The neqoxec hits you!
The wolf spider closely misses you.
The wolf spider bites you but does no damage. 😮 HP[-6]
You take 6 damage, and now have 49/67 hp.
Unknown command.
You closely miss the neqoxec.
You hit the wolf spider but do no damage.
The wolf spider hits you! The wolf spider bites you!
* * * LOW HITPOINT WARNING * * *
The neqoxec gestures at you.
Something tries to feed on your intellect! 😨 HP[-21]
You take 21 damage, and now have 28/67 hp.
MASSIVE DAMAGE!! (PAUSE)
You block the wolf spider's attack. The wolf spider bites you.
* * * LOW HITPOINT WARNING * * *
You are lethally poisoned!
The wolf spider poisons you! 😨 HP[-5]
You take 5 damage, and now have 23/67 hp.
The wolf spider attacks as you move away!
The wolf spider hits you!
* * * LOW HITPOINT WARNING * * *
The wolf spider bites you but does no damage.
* * * LOW HITPOINT WARNING * * *
You feel extremely sick. 😱 HP[-18]
You take 18 damage, and now have 5/67 hp.
MASSIVE DAMAGE!! (PAUSE)
You feel much better.
You feel very sick. The wolf spider hits you!
* * * LOW HITPOINT WARNING * * *
The wolf spider bites you but does no damage.
The wolf spider closely misses you.
The wolf spider barely misses you. 😨 HP[+15]
You regained 15 hp, and now have 20/67 hp.
You feel very mighty all of a sudden.
You feel very sick. You block the wolf spider's attack.
The wolf spider bites you but does no damage.
You feel much better.
You feel very sick. The wolf spider closely misses you.
You block the wolf spider's attack. The wolf spider hits you!
* * * LOW HITPOINT WARNING * * *
The wolf spider bites you.
* * * LOW HITPOINT WARNING * * *
😨 HP[+4]
You regained 4 hp, and now have 24/67 hp.
Unknown command.
It was a potion of cancellation.
Your magical effects are unravelling.
You feel magically purged.
You feel a little less mighty now.
You feel very sick.
The wolf spider hits you but does no damage.
The wolf spider bites you.
* * * LOW HITPOINT WARNING * * *
You are lethally poisoned!
The wolf spider poisons you! 😱 HP[-8]
You take 8 damage, and now have 16/67 hp.
It was a potion of invisibility.
You fade into invisibility!
* * * LOW HITPOINT WARNING * * *
You feel extremely sick. The wolf spider hits you!
You die...

Skill      XL: |  1  2  3  4  5  6  7  8  9 10 11 |
---------------+----------------------------------+-----
Axes           | 3 4 5 7 8 10 13 15 16 | 16.0
Armour         | 6 |  6.5
Shields        | 7 |  7.8
Fighting       | |  3.2

Action                   |  1- 3 |  4- 6 |  7- 9 | 10-12 || total
-------------------------+-------+-------+-------+-------++-------
Melee: War axe           |    76 |   102 |    88 |   159 ||   425
       Battleaxe         |       |       |       |     3 ||     3
Invok: Recall Ancestor   |       |       |       |     1 ||     1
       Ancestor Life: Kn |       |       |       |     1 ||     1
       Ancestor Identity |       |       |       |     1 ||     1
 Abil: Dig               |       |       |       |     1 ||     1
Evoke: Wand              |       |       |       |     4 ||     4
  Use: Potion            |     2 |       |     2 |     5 ||     9
       Scroll            |       |     8 |     2 |     6 ||    16
 Stab: Distracted        |       |       |     1 |     1 ||     2
Armor: Scale mail        |    26 |    33 |    21 |    32 ||   112
       Plate armour      |       |       |       |    46 ||    46
Dodge: Dodged            |    36 |    33 |    25 |    48 ||   142
Block: Buckler           |    14 |    22 |    16 |    41 ||    93

Levels and vault maps discovered:
D:1:      lightli_arrival_flooded_house, layout_loops_corners,
          minmay_misc_feat_alley
D:2:      layout_basic, uniq_natasha, uniq_robin
D:3:      layout_loops_cross, nicolae_hepliaklqana_monster_ancestors,
          grunt_temple_overflow_diamond, uniq_ijyb
D:4:      layout_basic, cheibrodos_ashenzari_chains
D:5:      layout_gridville, minmay_misc_feat_encased, uniq_duvessa
D:6:      layout_loops_cross, hellmonk_ghost_happy_afterlife,
          uniq_prince_ribbit1, uniq_grinder
D:7:      layout_loops_ring, minmay_temple_entry_grid
D:8:      layout_rooms, sword_in_stone
D:9:      minmay_chopped_fan, layout_rooms, orc_0_dummy,
          minmay_unpleasant_kobolds
Abyss:2:  base: D:3, hangedman_abyss_theft

Notes
Turn   | Place    | Note
-------+----------+-------------------------------------------
     0 | D:1      | ytrimaz the Formicid Fighter began the quest for the Orb.
     0 | D:1      | Reached XP level 1. HP: 18/18 MP: 1/1
     0 | D:1      | magus.rc [v1.9.6]
   304 | D:1      | Reached XP level 2. HP: 24/24 MP: 2/2
   532 | D:1      | Reached skill level 3 in Axes
   949 | D:2      | Noticed Robin
   959 | D:2      | Reached XP level 3. HP: 9/29 MP: 3/3
   962 | D:2      | HP: 4/29 [goblin/+0 dagger[Robin] (5)]
   966 | D:2      | HP: 1/29 [Robin/+0 spear (2)]
   969 | D:2      | Killed Robin
  1136 | D:2      | Noticed Natasha
  1139 | D:2      | Killed Natasha
  1140 | D:2      | Reached skill level 4 in Axes
  1140 | D:2      | Reached XP level 4. HP: 35/35 MP: 4/4
  1455 | D:2      | Noticed Natasha
  1459 | D:2      | Killed Natasha
  1460 | D:2      | Reached skill level 5 in Axes
  1460 | D:2      | Reached XP level 5. HP: 37/41 MP: 5/5
  1737 | D:2      | Noticed Natasha
  1748 | D:2      | Killed Natasha
  1836 | D:3      | Noticed Ijyb
  1848 | D:3      | Killed Ijyb
  2149 | D:3      | Found a sparkling altar of Nemelex Xobeh.
  2152 | D:3      | Found a shimmering blue altar of Sif Muna.
  2160 | D:3      | Found an opulent altar of Gozag.
  2211 | D:3      | Reached XP level 6. HP: 47/47 MP: 6/6
  2459 | D:3      | Found a hazy altar of Hepliaklqana.
  2546 | D:3      | Became a worshipper of Hepliaklqana the Forgotten
  2627 | D:4      | Identified the +12 quarterstaff "Demouta" {drain, rElec rC+
                  | rN+ Dex+2}
  2654 | D:4      | Reached skill level 6 in Axes
  2782 | D:4      | Found a broken altar of Ashenzari.
  3186 | D:4      | You add the spells Ignite Poison, Sticky Flame and Ignition
                  | to your library.
  3482 | D:4      | magus.rc [v1.9.6]
  3500 | D:5      | Entered Level 5 of the Dungeon
  3507 | D:5      | Reached skill level 7 in Axes
  3507 | D:5      | Reached XP level 7. HP: 52/52 MP: 7/7
  3748 | D:5      | Reached skill level 8 in Axes
  3944 | D:5      | Reached * piety under Hepliaklqana
  4009 | D:5      | Noticed a steam dragon
  4015 | D:5      | Killed a steam dragon
  4016 | D:5      | Reached XP level 8. HP: 50/52 MP: 8/8
  4088 | D:5      | Reached skill level 9 in Axes
  4187 | D:5      | Noticed Duvessa
  4188 | D:5      | Noticed Dowan
  4192 | D:5      | Killed Dowan
  4197 | D:5      | Killed Duvessa
  4348 | D:6      | Noticed Grinder
  4355 | D:6      | Killed Grinder
  4356 | D:6      | Reached skill level 10 in Axes
  4443 | D:6      | Reached XP level 9. HP: 57/57 MP: 9/9
  4443 | D:6      | Found a runed translucent door.
  4443 | D:6      | Noticed Chaicat's ghost (novice GnFi)
  4446 | D:6      | Noticed a gargoyle
  4452 | D:6      | Killed a gargoyle
  4453 | D:6      | Reached skill level 11 in Axes
  4584 | D:6      | Killed Chaicat's ghost
  4585 | D:6      | Reached skill level 12 in Axes
  4889 | D:6      | Reached skill level 13 in Axes
  4903 | D:6      | Reached XP level 10. HP: 63/63 MP: 10/10
  4919 | D:6      | Noticed Prince Ribbit
  4932 | D:6      | Killed Prince Ribbit
  4989 | D:6      | Reached ** piety under Hepliaklqana
  5024 | D:6      | Remembered your ancestor Loje! as a knight
  5202 | D:7      | Found a staircase to the Ecumenical Temple.
  5259 | D:7      | Reached skill level 14 in Axes
  5818 | D:8      | HP: 12/63 [orc priest/divine providence (16)]
  6082 | D:8      | Noticed Blork the orc
  6087 | D:8      | Reached skill level 15 in Axes
  6090 | D:8      | Killed Blork the orc
  6111 | D:8      | Noticed Eustachio
  6118 | D:8      | Killed Eustachio
  6361 | D:9      | Reached XP level 11. HP: 59/67 MP: 11/11
  6378 | D:9      | Reached *** piety under Hepliaklqana
  6403 | D:9      | Identified the +4 mace of the Weak God {drain, Will- Str+2
                  | Int+6}
  6520 | D:9      | Reached skill level 16 in Axes
  6536 | D:9      | Found a staircase to the Orcish Mines.
  6584 | D:9      | Noticed a purple ugly thing
  6602 | D:9      | Killed a purple ugly thing
  6603 | D:9      | Reached skill level 4 in Armour
  6603 | D:9      | Reached skill level 5 in Shields
  6603 | D:9      | Noticed a centaur warrior
  6619 | D:9      | Killed a centaur warrior
  6620 | D:9      | Reached skill level 5 in Armour
  6620 | D:9      | Reached skill level 6 in Shields
  6698 | D:9      | magus.rc [v1.9.6]
  6704 | D:9      | Noticed a two-headed ogre
  6719 | D:9      | Killed a two-headed ogre
  6734 | D:9      | Noticed a boulder beetle
  6749 | D:9      | Killed a boulder beetle
  6750 | D:9      | Reached skill level 7 in Shields
  6786 | D:9      | You pick up a book of Death and begin reading...
  6786 | D:9      | You add the spells Animate Dead, Haunt and Infestation to
                  | your library.
  6924 | D:9      | Reached skill level 6 in Armour
  6925 | D:9      | Noticed an eight-headed hydra
  6925 | D:9      | Noticed a deep elf pyromancer
  6995 | D:9      | Killed an eight-headed hydra
  7032 | D:9      | Noticed a wizard
  7034 | D:9      | You are cast into the Abyss!
  7034 | Abyss:2  | Cast into level 2 of the Abyss (a wizard)
  7179 | Abyss:2  | Noticed a wolf spider
  7184 | Abyss:2  | HP: 13/67 [wolf spider (10)]
  7184 | Abyss:2  | HP: 5/67 [poisoned by a wolf spider]
  7189 | Abyss:2  | HP: 10/67 [poisoned by a wolf spider]
  7189 | Abyss:2  | Slain by a wolf spider

Vanquished Creatures
  A centaur warrior (D:9)
  A boulder beetle (D:9)
  A two-headed ogre (D:9)
  The ghost of Chaicat the Shield-Bearer, a novice GnFi of Okawaru (D:6)
  A gargoyle (D:6)
  Grinder (D:6)
  Prince Ribbit (D:6)
  5 yaks (D:9)
  4 wyverns
  Eustachio (D:8)
  A steam dragon (D:9)
  Duvessa (D:5)
  A water moccasin (D:7)
  2 ice beasts
  3 orc warriors
  A black bear (D:6)
  An ogre (D:7)
  3 centaurs
  A small abomination (Abyss:2)
  2 phantoms
  3 kobold brigands (D:9)
  3 bullfrogs
  2 gnoll sergeants (D:8)
  3 scorpions (D:6)
  Blork the orc (D:8)
  2 necrophages (D:6)
  4 wights
  Dowan (D:5)
  A howler monkey (D:6)
  A quasit (Abyss:2)
  2 hounds (D:7)
  2 jellies
  2 gnoll boudas
  3 orc priests
  Ijyb (D:3)
  Natasha (thrice) (D:2)
  4 iguanas (D:5)
  11 orc wizards
  Robin (D:2)
  3 adders
  14 gnolls
  A shadow imp (D:6)
  4 white imps
  2 ufetubi
  2 worms
  2 dart slugs (D:5)
  26 orcs
  7 endoplasms
  4 giant cockroaches
  11 goblins
  9 hobgoblins
  8 kobolds
  3 quokkas
  9 ball pythons
  9 bats
  2 frilled lizards (D:2)
  4 rats
  A spectral kobold (D:3)
204 creatures vanquished.

Vanquished Creatures (collateral kills)
  A hydra (D:9)
  An ugly thing (D:9)
  A steam dragon (D:5)
  A centaur (D:8)
  A bullfrog (D:9)
  2 wights (D:8)
  A gnoll bouda (D:8)
  An orc priest (D:8)
  3 gnolls (D:8)
  3 orcs
15 creatures vanquished.

Vanquished Creatures (others)
  3 knights
  2 plants (Abyss:2)
5 creatures vanquished.

Grand Total: 224 creatures vanquished

Table legend:
 A = Non-vault XP
 B = Vault XP
 C = Vault XP percentage of total XP
 D = Non-vault monster count
 E = Vault monster count
 F = Vault count percentage of total count
                 A         B        C        D         E       F
            +---------+---------+-------+---------+---------+-------
      Total |    6739 |    6958 |  50.8 |     179 |      40 |  18.3
            +---------+---------+-------+---------+---------+-------
        D:1 |      20 |       0 |   0.0 |      12 |       0 |   0.0
        D:2 |     112 |      69 |  38.1 |      18 |      12 |  40.0
        D:3 |      46 |      39 |  45.9 |      18 |       3 |  14.3
        D:4 |     225 |       0 |   0.0 |      18 |       0 |   0.0
        D:5 |     714 |     215 |  23.1 |      18 |       2 |  10.0
        D:6 |    1433 |    1323 |  48.0 |      28 |       3 |   9.7
        D:7 |     944 |       0 |   0.0 |      15 |       0 |   0.0
        D:8 |    1656 |     576 |  25.8 |      37 |       5 |  11.9
        D:9 |    1427 |    4736 |  76.8 |      12 |      15 |  55.6
    Abyss:2 |     162 |       0 |   0.0 |       3 |       0 |   0.0
            +---------+---------+-------+---------+---------+-------

Illustrated notes

Table legend:
 A = Kills in this place as a percentage of kills in entire the game.
 B = Kills by you in this place as a percentage of kills by you in the entire game.
 C = Kills by friends in this place as a percentage of kills by friends in the entire game.
 D = Other kills in this place as a percentage of other kills in the entire game.
 E = Experience gained in this place as a percentage of experience gained in the entire game.
 F = Experience gained in this place divided by the number of levels of this place that you have seen.
                   A       B       C       D       E      F
               +-------+-------+-------+-------+-------+----------------------
         Total | 100.0 | 100.0 | 100.0 |   N/A | 100.0 | 1369.7
       Dungeon |  98.6 |  98.5 | 100.0 |   N/A |  98.8 | 1503.9
         Abyss |   1.4 |   1.5 |   0.0 |   N/A |   1.2 | 162.0
               +-------+-------+-------+-------+-------+----------------------

Table legend: (Time is in decaauts)
 A = Elapsed time spent in this place.
 B = Non-inter-level travel time spent in this place.
 C = Inter-level travel time spent in this place.
 D = Time resting spent in this place.
 E = Time spent auto-exploring this place.
 F = Levels seen in this place.
 G = Mean time per level.
                   A        B        C        D        E       F      G
               +--------+--------+--------+--------+--------+-----+--------+
         Total |   7204 |   6933 |    271 |    115 |   5415 |  10 |  720.4 |
       Dungeon |   7053 |   6782 |    271 |     35 |   5386 |   9 |  783.7 |
         Abyss |    151 |    151 |      0 |     80 |     29 |   1 |  151.0 |
               +--------+--------+--------+--------+--------+-----+--------+

Top non-repeatable levels by time:
     D:2: 1019 daAuts
     D:4: 903 daAuts
     D:1: 852 daAuts
     D:5: 850 daAuts
     D:3: 777 daAuts
     D:6: 706 daAuts
     D:9: 702 daAuts
     D:7: 625 daAuts
     D:8: 614 daAuts
 Abyss:2: 151 daAuts
